 Dungeon Crawl Stone Soup version 0.31-a0-331-geda263fcf1 (webtiles) character file.

Game seed: 132283594613527507

103 senseless the Changeling (level 4, 0/30 HPs)
             Began as an Octopode Shapeshifter on July 19, 2023.
             Slain by a gnoll
             ... wielding a +0 halberd
              (15 damage)
             ... on level 2 of the Dungeon.
             The game lasted 00:02:04 (1285 turns).

senseless the Changeling (Octopode Shapeshifter)    Turns: 1285, Time: 00:02:05

Health: 0/30       AC:  1    Str: 14    XL:     4   Next: 79%
Magic:  4/4        EV: 13    Int: 10    God:
Gold:   88         SH:  0    Dex: 14    Spells: 3/3 levels left

rFire   . .          .
                       - Unarmed
rCold   . . .        (no shield)
rNeg    + . .        (helmet currently unavailable)
rPois   .            (no amulet)
rElec   .            g - ring of positive energy
rCorr   .            (no ring)
SInv    .            (no ring)
Will    .....        (no ring)
Stlth   ++           (no ring)
HPRegen 0.25/turn    (no ring)
MPRegen 0.09/turn    (no ring)
                     (no ring)

%: no passive effects
@: beast-form
A: beast (slay +2), almost no armour, amphibious, 8 rings, camouflage 1,
gelatinous body 1, (nimble swimmer 1), tentacles
a: Begin Untransformation


You were on level 2 of the Dungeon.
You were a hulking beast.
You visited 1 branch of the dungeon, and saw 2 of its levels.

You collected 88 gold pieces.

Inventory:

Jewellery
 g - a ring of positive energy (left tentacle)
Talismans
 b - a beast talisman
Wands
 j - a wand of light (11)
Scrolls
 d - 2 scrolls of identify {unknown}
 f - a scroll of teleportation {unknown}
 i - a scroll of fog {unknown}
 l - a scroll of silence {unknown}
Potions
 a - a potion of lignification
 c - a potion of berserk rage {unknown}
 e - 3 potions of ambrosia {unknown}
 h - a potion of curing {unknown}
 k - a potion of mutation {unknown}


   Skills:
 + Level 2.7 Fighting
 + Level 2.7 Dodging
 + Level 2.8 Unarmed Combat
 * Level 3.7 Shapeshifting


You had 3 spell levels left.
You didn't know any spells.
Your spell library was empty.

Dungeon Overview and Level Annotations

Branches:
Dungeon (2/15)

Altars:


Innate Abilities, Weirdness & Mutations

You are a hulking beast.
Your limbs bulge with bestial killing power. (Slay +2)
You cannot wear most types of armour.
You are amphibious.
You can wear up to eight rings at the same time.
Your skin changes colour to match your surroundings (Stealth+).
Your rubbery body absorbs attacks. (AC +1, EV +1)
((You are camouflaged when in or above water. (Stealth+)))
You have tentacles for arms and can constrict up to eight enemies at once.


Message History

An adder comes into view.
You see here a murky clear potion.
A ball python comes into view.
A gnoll comes into view. It is wielding a +0 whip.
The frilled lizard closely misses you.
You closely miss the frilled lizard. Your grab misses the frilled lizard.
You squeeze the frilled lizard.
You kill the frilled lizard!
The gnoll hits you with a +0 whip!
You see here a frilled lizard corpse.
You bludgeon the gnoll! You grab the gnoll. You squeeze the gnoll.
The gnoll is severely wounded.
You constrict the gnoll. The gnoll closely misses you.
You tentacle-slap the gnoll.
You kill the gnoll!
A gnoll comes into view. It is wielding a +0 halberd.
You tentacle-slap the adder. You grab the adder.
The adder is severely wounded.
You constrict the adder. The adder bites you.
You tentacle-slap the adder but do no damage.
The adder is almost dead.
You constrict the adder.
You kill the adder!
A gnoll comes into view. It is wielding a +0 flail.
You tentacle-slap the ball python.
You kill the ball python!
A gnoll comes into view. It is wielding a +0 flail.
Found a dagger.
The gnoll hits you with a +0 flail. The gnoll barely misses you.
Items here: ) †††.
You completely miss the gnoll.
The gnoll shouts!
You grab the gnoll.
You constrict the gnoll, but do no damage.
You tentacle-slap the gnoll.
The gnoll is moderately wounded.
You constrict the gnoll. The gnoll hits you with a +0 flail.
The gnoll hits you from afar with a +0 halberd!
Ouch! That really hurt!
You die...

).. .# #.#.# #.#
..... ... ##.#.# #.#
###### #........
.....# ##.#.#g#g#..
####.# #....g....#
#.# ##.#h#
####.###### #..†.#
..........#...#.##
..........#.# #!# .#
............ #.# .#
.###+####..# #.# .#
.# #.# #.## #.# .#
.# #.####.# #†##.#
####......#####'.#.#


You could see 3 gnolls.

Vanquished Creatures
  A sleepcap (D:2)
  A gnoll (D:2)
  2 adders (D:2)
  2 dart slugs
  3 endoplasms
  2 giant cockroaches (D:1)
  2 goblins (D:1)
  4 hobgoblins
  5 jackals (D:1)
  4 quokkas (D:1)
  3 ball pythons
  4 bats
  4 frilled lizards
  6 kobolds (D:1)
  4 rats
47 creatures vanquished.

Notes
Turn   | Place    | Note
-------+----------+-------------------------------------------
     0 | D:1      | senseless the Octopode Shapeshifter began the quest for the
                  | Orb.
     0 | D:1      | Reached XP level 1. HP: 14/14 MP: 1/1
    69 | D:1      | Reached XP level 2. HP: 19/19 MP: 2/2
   340 | D:1      | Reached XP level 3. HP: 24/24 MP: 3/3
  1168 | D:2      | Reached XP level 4. HP: 15/30 MP: 4/4
  1285 | D:2      | Slain by a gnoll

Illustrated notes

Levels and vault maps discovered:
D:1:      denvon_arrival_planthouse, layout_loops_cross
D:2:      layout_basic, st_stairs_9, hangedman_feature_mirror

Action                     |  1- 3 |  4- 6 || total
---------------------------+-------+-------++-------
  Melee: Unarmed           |    85 |    13 ||    98
         Constrict         |    25 |     3 ||    28
         Tentacles         |    17 |     2 ||    19
         Punch             |     6 |       ||     6
   Stab: Sleeping          |     4 |     1 ||     5
 Armour: Skin              |     7 |     1 ||     8
  Dodge: Dodged            |    59 |     4 ||    63

Table legend: (Time is in decaauts)
 A = Elapsed time spent in this place.
 B = Non-inter-level travel time spent in this place.
 C = Inter-level travel time spent in this place.
 D = Time resting spent in this place.
 E = Time spent auto-exploring this place.
 F = Levels seen in this place.
 G = Mean time per level.
                   A        B        C        D        E       F      G
               +--------+--------+--------+--------+--------+-----+--------+
         Total |   1278 |   1199 |     79 |      0 |    960 |   2 |  639.0 |
       Dungeon |   1278 |   1199 |     79 |      0 |    960 |   2 |  639.0 |
               +--------+--------+--------+--------+--------+-----+--------+

Top non-repeatable levels by time:
     D:1: 870 daAuts
     D:2: 408 daAuts
